 Dungeon Crawl Stone Soup version 0.19-a0-1268-g6c5d9f8 (webtiles) character file.

4359 Duffy the Cruncher (level 10, -24/92 HPs)
             Began as a Centaur Gladiator on Aug 29, 2016.
             Was a Believer of Hepliaklqana.
             Annihilated by a hill giant
             ... wielding a +0 giant club
              (30 damage)
             ... on level 10 of the Dungeon.
             The game lasted 00:16:29 (13589 turns).

Duffy the Cruncher (Centaur Gladiator)             Turns: 13589, Time: 00:16:31

Health: -24/92     AC: 12    Str: 19    XL:     10   Next: 12%
Magic:  10/10      EV:  4    Int: 10    God:    Hepliaklqana [**....]
Gold:   453        SH:  0    Dex: 11    Spells: 0 memorised, 9 levels left

rFire  . . .     SeeInvis .     a - +0 quarterstaff
rCold  . . .     Gourm    .     z - +0 plate armour
rNeg   . . .     Faith    .     (shield currently unavailable)
rPois  .         Spirit   .     c - +1 helmet
rElec  .         Dismiss  .     j - +0 cloak
rCorr  .         Reflect  .     (no gloves)
MR     .....     Harm     .     (no barding)
Stlth  ..........               (no amulet)
                                v - ring of flight
                                (no ring)

@: very quick
A: hooves 3, thin skeletal structure 1, clever 1, clumsy 1, deformed body, speed
2, robust 1, tough skin 3
a: Recall Ancestor, Ancestor Identity, Renounce Religion, Evoke Flight


You were on level 10 of the Dungeon.
You worshipped Hepliaklqana.
Hepliaklqana was pleased with you.
You were not hungry.

You visited 2 branches of the dungeon, and saw 11 of its levels.

You collected 453 gold pieces.

Inventory:

Hand Weapons
 a - a +0 quarterstaff (weapon)
Missiles
 d - 3 throwing nets (quivered)
 I - 5 javelins
Armour
 c - a +1 helmet (worn)
 j - a +0 cloak (worn)
 z - a +0 plate armour (worn)
Jewellery
 l - an uncursed ring of poison resistance
 m - an uncursed ring of ice
 u - an uncursed ring of fire
 v - a ring of flight (right hand)
Wands
 t - a wand of confusion (27/48)
 y - a wand of flame (21/48)
Scrolls
 b - a scroll of fog {unknown}
 g - a scroll of fear
 h - 7 scrolls of remove curse
 i - 3 scrolls of teleportation
 n - a scroll of magic mapping
 p - 6 scrolls of enchant armour
 A - a scroll of enchant weapon {unknown}
 C - a scroll of recharging {unknown}
 F - a scroll of blinking {unknown}
 J - a scroll of summoning {unknown}
 K - a scroll of holy word {unknown}
Potions
 e - 2 potions of cancellation
 o - a potion of invisibility {unknown}
 q - 2 potions of flight
 r - 4 potions of curing
 w - a potion of ambrosia {unknown}
 x - 3 potions of degeneration {unknown}
 D - a potion of berserk rage {unknown}
Comestibles
 f - 9 bread rations
 s - a slice of pizza
 B - 7 chunks of flesh
 G - 2 meat rations


   Skills:
 + Level 9.7 Fighting
 - Level 10.0 Staves
 - Level 2.1 Throwing
 - Level 3.0 Armour
 - Level 2.1 Dodging


You had 9 spell levels left.
You didn't know any spells.

Dungeon Overview and Level Annotations

Branches:
Dungeon (10/15)            Temple (1/1) D:6
   Lair: D:8-11         Orc: D:9-12

Altars:
Ashenzari
Cheibriados
Dithmenos
Elyvilon
Fedhas
Gozag
Hepliaklqana
Kikubaaqudgha
Makhleb
Nemelex Xobeh
Okawaru
Qazlal
Ru
Sif Muna
Trog
Uskayaw
Vehumet
Xom
Yredelemnul
Zin
The Shining One

Shops:
D:9 }

Annotations:
D:2 Purgy
D:7 PeterMcNeter's ghost, novice TrTm
D:10 101's ghost, journeyman HEMo


Innate Abilities, Weirdness & Mutations

You have hooves in place of feet.
Armour fits poorly on your strangely shaped body.
You cover ground very quickly.
You have extremely tough skin. (AC +3)
You have a somewhat thin skeletal structure. (Dex +2, Stealth)
Your mind is acute. (Int +2)
You are clumsy. (Dex -2)
You are robust. (+10% HP)


Message History

You are too injured to fight recklessly!
You are too injured to fight recklessly!
You are too injured to fight recklessly!
You are too injured to fight recklessly!
Eshargamelat is still trapped in memory!
The hill giant hits you with a giant club!
You hit the hill giant. You kick the hill giant.
The hill giant is heavily wounded.
You sock the hill giant!
The hill giant is severely wounded.
The hill giant hits you with a giant club!!
You hit the hill giant.
The hill giant is severely wounded.
The hill giant hits you with a giant club.
You thump the hill giant!
The hill giant is almost dead.
You hit the hill giant. Your kick misses the hill giant.
The hill giant is almost dead.
The hill giant hits you with a giant club!!
You die...

#.##.#...........#R#.~##'##~.....
#.##.#.#.......###.#.##%..##.....
#.##.#.#.......# #.#.##.#.##.....
#.##.#.#.......# #.####.R.##.....
#.##.#.#.......# #.# ##'###.....
#.##.#.#.......###.# #%# #.....
#....#.'.......'...# ### #...S.
...#####.......###############.##
................@ChSh.........h..
..##############################.
#.........,,,,,*,,,,,* *,* *.
##########****,*,***,****,* *,
,,,,,,,,,,,,,*,*,* *,,*,*,* *,
************,*,*,***,,*,*,** **
,,,,,,,,,,,,,,,,,,,*,*,*,*,* *,
************,*,*,,,,,***,*,* ****
***** *,,,*,***** *,*,* *,,,


You could see a hill giant, a black bear, an adder and a jackal.

Vanquished Creatures
  A centaur zombie (D:10)
  A two-headed ogre (D:10)
  Eustachio (D:4)
  A water moccasin (D:6)
  An orc warrior (D:8)
  Duvessa (D:4)
  An ice beast (D:10)
  A phantom (D:4)
  2 sky beasts
  A necrophage (D:5)
  3 centaurs
  3 giant frogs
  2 gnoll sergeants
  Dowan (D:4)
  A scorpion (D:4)
  2 howler monkeys (D:4)
  2 wights (D:8)
  A giant frog zombie (D:5)
  6 crimson imps
  2 hounds
  2 orc priests
  A centaur skeleton (D:4)
  3 jellies (D:10)
  4 iguanas
  7 orc wizards
  10 worker ants
  3 hound zombies
  4 hound skeletons
  A howler monkey zombie (D:5)
  2 worker ant zombies
  14 gnolls
  12 adders
  A shadow imp (D:7)
  6 oozes
  3 adder skeletons (D:4)
  4 worms
  2 giant geckos
  16 orcs
  5 giant cockroaches
  6 goblins
  4 hobgoblins
  17 jackals
  3 quokkas
  2 ball pythons
  11 bats
  A giant gecko skeleton (D:4)
  3 giant newts
  2 jackal skeletons
  9 kobolds
  A quokka zombie (D:5)
  7 rats
200 creatures vanquished.

Vanquished Creatures (collateral kills)
  An orc warrior (D:8)
  2 ogres (D:8)
  2 centaurs
  A scorpion (D:9)
  A wight (D:8)
  2 orc wizards
  An iguana (D:9)
  A hound zombie (D:7)
  2 gnolls (D:9)
  An ooze (D:10)
  An orc (D:8)
  2 jackals
17 creatures vanquished.

Vanquished Creatures (others)
  3 ancestors
  2 hexers (D:10)
  7 fungi (D:4)
12 creatures vanquished.

Grand Total: 229 creatures vanquished

Notes
Turn   | Place    | Note
-------+----------+-------------------------------------------
     0 | D:1      | Duffy the Centaur Gladiator began the quest for the Orb.
     0 | D:1      | Reached XP level 1. HP: 17/17 MP: 1/1
   221 | D:1      | Reached skill level 3 in Staves
   230 | D:1      | Reached XP level 2. HP: 20/24 MP: 2/2
   928 | D:1      | Reached XP level 3. HP: 29/29 MP: 3/3
  1253 | D:2      | Reached skill level 4 in Staves
  2445 | D:3      | Reached XP level 4. HP: 36/36 MP: 4/4
  2481 | D:3      | Noticed Purgy
  3278 | D:3      | Reached skill level 5 in Staves
  3407 | D:4      | Noticed Duvessa
  3407 | D:4      | Noticed Dowan
  3425 | D:4      | Killed Duvessa
  3425 | D:4      | Reached skill level 1 in Armour
  3425 | D:4      | Reached XP level 5. HP: 21/41 MP: 5/5
  3598 | D:4      | Killed Dowan
  3598 | D:4      | Reached XP level 6. HP: 47/48 MP: 6/6
  3624 | D:4      | Noticed Eustachio
  3946 | D:4      | Killed Eustachio
  3946 | D:4      | Reached skill level 6 in Staves
  4071 | D:4      | Reached XP level 7. HP: 41/55 MP: 7/7
  4898 | D:4      | Reached skill level 7 in Staves
  5334 | D:4      | Found a hide-covered altar of Uskayaw.
  5660 | D:5      | Entered Level 5 of the Dungeon
  5676 | D:5      | Reached skill level 8 in Staves
  5676 | D:5      | Reached XP level 8. HP: 56/61 MP: 8/8
  6582 | D:5      | Found a sacrificial altar of Ru.
  7220 | D:5      | Reached skill level 9 in Staves
  8100 | D:6      | Reached skill level 10 in Staves
  8814 | D:6      | Found a staircase to the Ecumenical Temple.
  8851 | Temple   | Entered the Ecumenical Temple
  9125 | Temple   | Became a worshipper of Hepliaklqana
  9379 | D:6      | Reached XP level 9. HP: 61/63 MP: 9/9
  9391 | D:7      | Noticed PeterMcNeter's ghost (novice TrTm)
  9794 | D:7      | Found a radiant altar of Vehumet.
  9879 | D:7      | Found a shattered altar of Ashenzari.
 10152 | D:8      | Reached skill level 5 in Fighting
 10157 | D:8      | Found a glowing silver altar of Zin.
 10159 | D:8      | Found a bloodstained altar of Trog.
 10333 | D:8      | Reached * piety under Hepliaklqana
 11826 | D:9      | Found Holuipp's Gadget Boutique.
 12041 | D:9      | Reached ** piety under Hepliaklqana
 12049 | D:9      | Remembered your ancestor Eshargamelat as a hexer
 12055 | D:8      | Found an ancient bone altar of Kikubaaqudgha.
 12055 | D:8      | Found a deep blue altar of Sif Muna.
 12305 | D:10     | Entered Level 10 of the Dungeon
 12658 | D:10     | Noticed 101's ghost (journeyman HEMo)
 13370 | D:10     | Reached XP level 10. HP: 81/81 MP: 7/10
 13390 | D:10     | Gained mutation: You have a somewhat thin skeletal structure. (Dex +2, Stealth) [mutagenic meat]
 13393 | D:10     | Gained mutation: You are clumsy. (Dex -2) [mutagenic meat]
 13396 | D:10     | Gained mutation: You are robust. (+10% HP) [mutagenic meat]
 13399 | D:10     | Gained mutation: Your mind is acute. (Int +2) [mutagenic meat]
 13543 | D:10     | Noticed a hill giant
 13589 | D:10     | Annihilated by a hill giant

Vault maps used:
D:1:      roderic_crop_circles_arrival_small
D:3:      kb_forest_paths, uniq_purgy
D:4:      lemuel_round_altar, serial_aquarium, aquarium_bridge_straight,
          aquarium_window_1, aquarium_window_1, aquarium_view_2b,
          aquarium_view_2d, aquarium_balcony_3a, uniq_eustachio, uniq_duvessa
D:5:      first_bread, hangedman_ru_absence
D:6:      serial_glass, glass_columns_b, glass_columns_a,
          minmay_a_box_with_orc_wizards_in_it
D:7:      ashenzari_conservatory_becter, basic_altar
D:8:      nicolae_overflow_hidden_temple
D:9:      serial_shops, shop
D:10:     minmay_chopped_fan, basic_altar, hangedman_little_slice_of_home
Temple:   regret_index_temple_generic_petals

Skill      XL: |  1  2  3  4  5  6  7  8  9 |
---------------+----------------------------+-----
Staves         | 3 4 5 6 8 10 | 10.0
Armour         | 1 2 3 |  3.0
Fighting       | 3 9 |  9.7
Throwing       | |  2.1
Dodging        | |  2.1

Action                   |  1- 3 |  4- 6 |  7- 9 | 10-12 || total
-------------------------+-------+-------+-------+-------++-------
Melee: Quarterstaff      |   107 |   130 |   704 |    38 ||   979
       Kick              |    14 |    27 |   176 |    13 ||   230
Invok: Recall Ancestor   |       |       |    15 |       ||    15
       Ancestor Life: He |       |       |     1 |       ||     1
Evoke: Wand              |       |     5 |     9 |       ||    14
  Use: Potion            |       |       |     2 |       ||     2
       Scroll            |       |       |    11 |       ||    11
 Stab: Distracted        |       |       |     1 |       ||     1
       Confused          |       |       |       |     3 ||     3
  Eat: Chunk             |     2 |     5 |    24 |     4 ||    35
       Beef jerky        |       |       |     1 |       ||     1
       Pizza             |       |       |     1 |       ||     1
Armor: Leather armour    |    46 |       |       |       ||    46
       Ring mail         |     9 |    28 |       |       ||    37
       Plate armour      |       |   140 |   391 |    18 ||   549
Dodge: Dodged            |    48 |    53 |   103 |     4 ||   208
